 Dungeon Crawl Stone Soup version 0.29.1-1-gd02db6906a (webtiles) character file.

Game seed: 3727721684041229334

13883 Senryu the Shooter (level 11, -6/89 HPs)
             Began as a Yellow Draconian Hunter on Sept 16, 2022.
             Was the Champion of Nemelex Xobeh.
             Mangled by an eight-headed hydra (10 damage)
             ... on level 2 of the Lair of Beasts.
             The game lasted 01:19:30 (12220 turns).

Senryu the Shooter (Yellow Draconian Hunter)       Turns: 12220, Time: 01:19:30

Health: -6/89      AC: 10    Str: 13    XL:     11   Next: 81%
Magic:  14/14      EV: 15    Int: 12    God:    Nemelex Xobeh [******]
Gold:   348        SH:  0    Dex: 17    Spells: 10/14 levels left

rFire   . . .      SeeInvis +   p - +2 quarterstaff (spect)
rCold   . . .      Faith    +   (shield currently unavailable)
rNeg    . . .      Spirit   .   (body armour unavailable)
rPois   +          Reflect  .   w - +0 hat {Stlth+}
rElec   .          Harm     .   (no cloak)
rCorr   +          Rampage  .   (no gloves)
Will    .....                   B - +2 pair of boots
Stlth   ++........              c - amulet of faith
HPRegen 0.24/turn               z - ring of poison resistance
MPRegen 0.14/turn               C - ring of see invisible

@: very slow
A: spit acid, AC +7, unfitting armour, cold-blooded, acid resistance
a: Breathe Acid, Renounce Religion, Draw Escape, Draw Destruction, Draw
Summoning, Triple Draw, Deal Four, Stack Five


You were on level 2 of the Lair of Beasts.
You worshipped Nemelex Xobeh.
Nemelex Xobeh was exalted by your worship.
You visited 2 branches of the dungeon, and saw 11 of its levels.

You collected 528 gold pieces.
You spent 180 gold pieces at shops.

Inventory:

Hand Weapons
 a - a +2 shortbow of venom
 p - a +2 spectral quarterstaff (weapon)
Missiles
 b - 2 curare-tipped darts
 d - 2 throwing nets
 A - 3 datura-tipped darts (quivered)
Armour
 t - a +3 kite shield of cold resistance
 w - a +0 hat of stealth (worn)
 B - a +2 pair of boots (worn)
Jewellery
 c - an amulet of faith (around neck)
 z - a ring of poison resistance (left hand)
 C - a ring of see invisible (right hand)
Wands
 m - a wand of digging (9)
 n - a wand of flame (32)
 y - a wand of mindburst (2)
 E - a wand of charming (6)
Scrolls
 j - 4 scrolls of teleportation
 o - 3 scrolls of vulnerability
 s - 2 scrolls of noise {unknown}
 v - a scroll of magic mapping
 D - a scroll of poison
Potions
 e - a potion of flight
 f - a potion of invisibility
 g - 2 potions of attraction
 h - 2 potions of degeneration
 i - 3 potions of heal wounds
 l - 2 potions of mutation {unknown}
 q - a potion of resistance
 r - a potion of cancellation {unknown}
 u - 2 potions of magic {unknown}


   Skills:
 * Level 6.1 Fighting
 * Level 5.2 Short Blades
 - Level 4.3(4.8) Axes
 * Level 3.0(5.2) Polearms
 * Level 4.9(5.3) Staves
 * Level 7.3 Ranged Weapons
 * Level 4.8 Throwing
 * Level 6.1 Dodging
 * Level 4.8 Stealth
 * Level 5.3 Shields
 * Level 2.4 Spellcasting
 * Level 2.5 Hexes
 * Level 2.0 Necromancy
 * Level 2.7 Fire Magic
 * Level 5.2 Invocations
 * Level 4.9 Evocations


You had 10 spell levels left.
You knew the following spells:

 Your Spells              Type           Power      Damage    Failure   Level
a - Inner Flame           Hex/Fire       7%         N/A       26%         3
b - Necrotise             Necr           24%        1d5       12%         1

Your spell library contained the following spells:

 Spells                   Type           Power      Damage    Failure   Level
 Foxfire                  Conj/Fire      16%        2x1d4     16%         1
 Confusing Touch          Hex            7%         N/A       26%         3
 Vampiric Draining        Necr           6%         2d6       34%         3
 Conjure Flame            Conj/Fire      4%         6-21      41%         3
 Flame Wave               Conj/Fire      4%         2d5       83%         4
 Agony                    Necr           6%         N/A       97%         5
 Yara's Violent Unravell  Hex/Tmut       2%         3d3       99%         5
 Enfeeble                 Hex            3%         N/A       100%        7


Dungeon Overview and Level Annotations

Branches:
Dungeon (9/15)             Temple (0/1) D:5            Lair (2/5) D:9
 Shoals (0/4) Lair:2
  Snake: Lair:2-3    Spider: Lair:2-3       Orc: D:9-12

Altars:
Dithmenos
Gozag
Hepliaklqana
Nemelex Xobeh
Okawaru
Ru
Vehumet
Xom

Shops:
D:2 [   D:8 (

Annotations:
D:8 2 transporters, QueenGhuleh's ghost, novice MiBe


Innate Abilities, Weirdness & Mutations

You can spit globs of acid.
Your golden yellow scales are hard. (AC +7)
You cannot fit into any form of body armour.
You are cold-blooded and may be slowed by cold attacks.
You are resistant to acid. (rCorr)


Message History

There is an open door here.
The eight-headed hydra attacks as you move away!
The eight-headed hydra barely misses you.
The eight-headed hydra bites you!
The eight-headed hydra bites you but does no damage.
The eight-headed hydra barely misses you.
The eight-headed hydra bites you but does no damage. x2
The eight-headed hydra closely misses you.
The eight-headed hydra bites you!
You enter the shallow water.
Moving in this stuff is going to be slow.
The eight-headed hydra closely misses you.
The eight-headed hydra bites you. The eight-headed hydra bites you!
The eight-headed hydra completely misses you.
The eight-headed hydra barely misses you.
The eight-headed hydra bites you.
The eight-headed hydra bites you but does no damage.
The eight-headed hydra closely misses you.
Aiming: Throw Flame
Press: ? - help, Shift-Dir - straight line, f - eight-headed hydra
Aim: an eight-headed hydra (91% to hit)
The puff of flame hits the eight-headed hydra!
The eight-headed hydra is lightly wounded.
The eight-headed hydra is engulfed in a cloud of scalding steam.
The eight-headed hydra bites you!
* * * LOW HITPOINT WARNING * * *
The eight-headed hydra bites you!
* * * LOW HITPOINT WARNING * * *
The eight-headed hydra bites you.
* * * LOW HITPOINT WARNING * * *
The eight-headed hydra closely misses you.
The eight-headed hydra bites you.
* * * LOW HITPOINT WARNING * * *
The eight-headed hydra bites you but does no damage.
The eight-headed hydra barely misses you. x2
You draw a card...
You have drawn the Tomb.
Walls emerge from the floor!
The eight-headed hydra is engulfed in a cloud of scalding steam.
The eight-headed hydra bites you but does no damage.
The eight-headed hydra bites you!
You die...
Your body glows with a rainbow of weird colours and disappears.

..~≈≈~~.~≈≈~~~~
P≈≈≈≈≈≈.~≈~.... #
≈≈≈≈≈≈~..~~.~.. $#
≈≈≈≈≈~...#.#######.#
~≈≈~~P..~#~.#~~P...#
≈≈≈~.P~..#~~#.P.~~~#
~≈≈~P~#..##.#P.~~~~#
≈~~P.~#~~####..PP~~#
≈≈...~#.~#@D'.~.P.~#
≈≈##################
##


You could see an eight-headed hydra.

Vanquished Creatures
  A two-headed ogre (D:8)
  The ghost of baller8008 the Cleaver, a novice HOFi of Beogh (D:7)
  The ghost of hilljack the Cruncher, a novice GrGl of Cheibriados (D:7)
  3 black mambas
  5 cane toads
  A kobold demonologist (D:9)
  3 komodo dragons
  The ghost of vvl the Stinger, an amateur DsVM (D:4)
  A vampire (D:8)
  A wyvern (Lair:1)
  12 yaks
  A basilisk (Lair:2)
  A steam dragon (D:7)
  Edmund (D:6)
  5 water moccasins
  2 black bears
  2 sky beasts (D:7)
  An ogre (D:6)
  A tengu (shapeshifter) (D:8)
  2 wolves (Lair:1)
  A tengu (D:9)
  3 phantoms
  2 gnoll sergeants (D:9)
  3 kobold brigands
  2 necrophages
  8 bullfrogs
  3 scorpions
  4 wights (D:8)
  6 killer bees
  2 howler monkeys
  4 orc priests
  A gnoll bouda (D:9)
  2 hounds
  2 jellies
  5 iguanas
  5 orc wizards
  5 hell rats (Lair:1)
  5 gnolls (D:9)
  5 adders
  2 shadow imps (D:7)
  A white imp (D:7)
  An ufetubus (D:5)
  A worm (D:9)
  30 orcs
  8 ball pythons
  5 bats
  5 endoplasms
  7 giant cockroaches
  7 goblins
  9 hobgoblins
  2 jackals (D:2)
  19 kobolds
  4 quokkas
  2 frilled lizards
  4 rats
221 creatures vanquished.

Vanquished Creatures (collateral kills)
  Gastronok (Lair:2)
  A hydra (Lair:2)
  A yak (Lair:2)
  A water moccasin (D:9)
  An orc warrior (D:9)
  An ogre (D:4)
  A kobold brigand (D:9)
  3 killer bees (D:7)
  2 orc priests
  A hell rat (Lair:1)
  4 orcs
  A hobgoblin (D:4)
  3 kobolds (D:9)
21 creatures vanquished.

Vanquished Creatures (others)
  A yak (Lair:2)
  A wolf (Lair:1)
  2 gnolls (D:9)
  An orc (D:2)
  54 fungi
  77 plants
  6 withered plants (D:7)
142 creatures vanquished.

Grand Total: 384 creatures vanquished

Notes
Turn   | Place    | Note
-------+----------+-------------------------------------------
     0 | D:1      | Senryu the Draconian Hunter began the quest for the Orb.
     0 | D:1      | Reached XP level 1. HP: 17/17 MP: 1/1
   108 | D:1      | Found a faded altar of an unknown god.
   135 | D:1      | Prayed at the altar of an unknown god.
   135 | D:1      | Became a worshipper of Nemelex Xobeh the Trickster
   135 | D:1      | Reached * piety under Nemelex Xobeh
   162 | D:1      | Reached XP level 2. HP: 24/24 MP: 2/2
   227 | D:1      | Received a gift from Nemelex Xobeh
   244 | D:1      | Reached skill level 4 in Ranged Weapons
   247 | D:1      | Reached skill level 1 in Stealth
   599 | D:2      | HP: 1/24 [orc/+0 flail (4)]
   601 | D:2      | Reached XP level 3. HP: 2/29 MP: 3/3
  1057 | D:2      | Reached ** piety under Nemelex Xobeh
  1066 | D:2      | Reached XP level 4. HP: 12/36 MP: 4/4
  1766 | D:2      | Found Saakueni's Antique Armour Emporium.
  1924 | D:3      | Found a shadowy altar of Dithmenos.
  2287 | D:3      | Reached skill level 5 in Ranged Weapons
  2317 | D:3      | Found a sacrificial altar of Ru.
  2351 | D:3      | Reached *** piety under Nemelex Xobeh
  2351 | D:3      | Received a gift from Nemelex Xobeh
  2914 | D:4      | Received a gift from Nemelex Xobeh
  3002 | D:4      | Noticed a phantom
  3003 | D:4      | Found a runed translucent gate.
  3005 | D:4      | Noticed vvl's ghost (amateur DsVM)
  3009 | D:4      | Killed a phantom
  3010 | D:4      | Reached skill level 1 in Invocations
  3010 | D:4      | Reached XP level 5. HP: 37/44 MP: 5/5
  3014 | D:4      | Found a runed translucent gate.
  3014 | D:4      | Identified the +4 hand axe of Bepsoc {pain, rC+ Dex+4}
  3014 | D:4      | Identified the +5 ring mail of Pandemonium {rF- Str+5
                  | Int+4}
  3015 | D:4      | Found a runed translucent gate.
  3517 | D:4      | Noticed an ogre
  3529 | D:4      | Killed an ogre
  3530 | D:4      | Reached skill level 1 in Short Blades
  3530 | D:4      | Reached XP level 6. HP: 39/51 MP: 6/6
  3542 | D:4      | Reached skill level 1 in Evocations
  3897 | D:4      | Killed vvl's ghost
  3898 | D:4      | Reached skill level 1 in Throwing
  3898 | D:4      | Reached skill level 1 in Shields
  3898 | D:4      | Your scales start taking on a golden yellow colour.
  3898 | D:4      | Reached XP level 7. HP: 35/57 MP: 8/8
  3898 | D:4      | Gained mutation: You are resistant to acid. (rCorr) [Yellow
                  | Draconian growth]
  4281 | D:5      | Entered Level 5 of the Dungeon
  4281 | D:5      | Reached **** piety under Nemelex Xobeh
  4370 | D:5      | Found an iron altar of Okawaru.
  4452 | D:5      | Reached skill level 6 in Ranged Weapons
  4489 | D:5      | Found a staircase to the Ecumenical Temple.
  4671 | D:5      | Received a gift from Nemelex Xobeh
  5473 | D:6      | Received a gift from Nemelex Xobeh
  5478 | D:6      | Reached XP level 8. HP: 66/66 MP: 9/9
  5506 | D:6      | Noticed Edmund
  5511 | D:6      | Killed Edmund
  5539 | D:6      | Reached skill level 1 in Axes
  5849 | D:6      | Reached ***** piety under Nemelex Xobeh
  6235 | D:7      | Received a gift from Nemelex Xobeh
  6306 | D:7      | Found a runed translucent gate.
  6307 | D:7      | Found a runed translucent gate.
  6308 | D:7      | Found a runed translucent gate.
  6311 | D:7      | Noticed baller8008's ghost (novice HOFi)
  6311 | D:7      | Noticed hilljack's ghost (novice GrGl)
  6347 | D:7      | Reached XP level 9. HP: 63/72 MP: 11/11
  6487 | D:7      | Received a gift from Nemelex Xobeh
  6939 | D:7      | Received a gift from Nemelex Xobeh
  7027 | D:7      | HP: 1/72 [baller8008's ghost (16)]
  7032 | D:7      | Killed baller8008's ghost
  7036 | D:7      | Killed hilljack's ghost
  7477 | D:8      | Found a transporter.
  7479 | D:8      | Found a transporter.
  7479 | D:8      | Noticed QueenGhuleh's ghost (novice MiBe)
  7495 | D:8      | Found an opulent altar of Gozag.
  7669 | D:8      | Found Ygrouc's Weapon Boutique.
  7679 | D:8      | Bought a +0 spectral quarterstaff for 180 gold pieces
  7718 | D:8      | Reached skill level 5 in Fighting
  7730 | D:8      | Noticed a cane toad
  7747 | D:8      | HP: 2/73 [cane toad (shapeshifter) (15)]
  7916 | D:8      | Noticed a two-headed ogre
  7925 | D:8      | Killed a two-headed ogre
  7926 | D:8      | Reached XP level 10. HP: 80/81 MP: 13/13
  7951 | D:8      | Found a shimmering altar of Xom.
  8200 | D:8      | Received a gift from Nemelex Xobeh
  8215 | D:8      | Learned a level 3 spell: Inner Flame
  8350 | D:8      | Found a radiant altar of Vehumet.
  8695 | D:8      | Received a gift from Nemelex Xobeh
  8705 | D:8      | Noticed a steelbarb worm
  8713 | D:8      | a steelbarb worm changed into a shapeshifter
  8835 | D:9      | Reached skill level 1 in Polearms
  8835 | D:9      | Reached skill level 1 in Staves
  8835 | D:9      | Reached skill level 5 in Dodging
  9161 | D:9      | Reached skill level 1 in Fire Magic
  9167 | D:9      | Reached skill level 1 in Hexes
  9404 | D:9      | Found a hazy altar of Hepliaklqana.
  9494 | D:9      | Reached skill level 1 in Spellcasting
  9529 | D:9      | Reached skill level 7 in Ranged Weapons
  9642 | D:9      | Reached ****** piety under Nemelex Xobeh
  9698 | D:9      | Found a staircase to the Lair.
  9719 | D:9      | Received a gift from Nemelex Xobeh
 10144 | D:9      | Received a gift from Nemelex Xobeh
 10199 | Lair:1   | Entered Level 1 of the Lair of Beasts
 10211 | Lair:1   | Learned a level 1 spell: Necrotise
 10465 | Lair:1   | Received a gift from Nemelex Xobeh
 10529 | Lair:1   | Noticed a cane toad
 10537 | Lair:1   | Killed a cane toad
 10550 | Lair:1   | Reached XP level 11. HP: 66/88 MP: 14/14
 10883 | Lair:1   | Reached skill level 1 in Necromancy
 11365 | Lair:2   | Found a staircase to the Shoals.
 11443 | Lair:2   | Reached skill level 5 in Shields
 11457 | Lair:2   | Received a gift from Nemelex Xobeh
 11503 | Lair:2   | Noticed a five-headed hydra
 11601 | Lair:2   | Reached skill level 5 in Invocations
 11608 | Lair:2   | Killed a five-headed hydra
 11634 | Lair:2   | Reached skill level 5 in Short Blades
 11664 | Lair:2   | Noticed Gastronok
 11682 | Lair:2   | Killed Gastronok
 11961 | Lair:2   | Noticed a four-headed hydra
 12210 | Lair:2   | Noticed an eight-headed hydra
 12219 | Lair:2   | HP: 4/89 [eight-headed hydra (5)]
 12220 | Lair:2   | Mangled by an eight-headed hydra

Illustrated notes

Levels and vault maps discovered:
D:1:      lemuel_arrival_tunnels, layout_rooms,
          hellmonk_ecumenical_altar_prayer_group, serial_bayou_lagoon_a
D:2:      layout_loops_ring, serial_shops, shop, serial_park_tiny_2
D:3:      layout_loops_corners, nicolae_dithmenos_through_a_glass_darkly,
          nicolae_ru_sacrificial_ziggurat
D:4:      layout_basic, biasface_ghost_orc_armoury
D:5:      layout_basic, overflow_temple_1_default,
          minmay_temple_entry_antechambers
D:6:      layout_loops_ring, uniq_edmund
D:7:      layout_cave_pools, gammafunk_ghost_cemetery
D:8:      layout_layer_cave, grunt_gozag_breadcrumbs, vehumet_altar_wand_db,
          old_standard_altar, serial_shops, shop, gammafunk_ghost_smash,
          minmay_manual_macuahuitl
D:9:      layout_cave_pods, mainiacjoe_overflow_boulevard,
          due_lair_maze_entry_diamond, uniq_maggie
Lair:1:   layout_chaotic_city, grunt_megastairs_4
Lair:2:   cheibrodos_lair_river_kwai, layout_loops_ring, shoals_dummy_entry,
          dummy_spider_entry, uniq_fannar, uniq_gastronok

Skill      XL: |  1  2  3  4  5  6  7  8  9 10 11 |
---------------+----------------------------------+-----
Dodging        | 2 3 4 5 6 |  6.1
Ranged Weapons | 4 5 6 7 |  7.3
Stealth        | 1 2 3 4 |  4.8
Invocations    | 1 2 3 4 5 |  5.2
Fighting       | 3 4 5 6 |  6.1
Short Blades   | 1 2 3 4 5 |  5.2
Evocations     | 1 2 3 4 |  4.9
Throwing       | 1 2 4 |  4.8
Shields        | 1 2 4 5 |  5.3
Axes           | 3 4 |  4.3
Polearms       | 2 3 |  3.0
Staves         | 3 4 |  4.9
Fire Magic     | 1 2 |  2.7
Hexes          | 1 2 |  2.5
Spellcasting   | 1 2 |  2.4
Necromancy     | 2 |  2.0

Action                   |  1- 3 |  4- 6 |  7- 9 | 10-12 || total
-------------------------+-------+-------+-------+-------++-------
Melee: Shortbow          |    14 |       |       |       ||    14
       Tailslap          |     1 |     3 |    11 |    38 ||    53
       Rapier            |       |    37 |     4 |       ||    41
       Hand axe          |       |       |   115 |       ||   115
       Quarterstaff      |       |       |     4 |   173 ||   177
 Fire: Shortbow          |    71 |    30 |       |       ||   101
Throw: Boomerang         |       |     3 |    52 |       ||    55
       Dart              |       |       |     1 |     7 ||     8
 Cast: Necrotise         |       |       |       |     7 ||     7
Invok: Draw Destruction  |     4 |     5 |    10 |    16 ||    35
       Draw Escape       |     1 |       |     2 |     1 ||     4
       Draw Summoning    |     1 |     1 |     1 |     3 ||     6
 Abil: Breathe Acid      |       |       |    37 |    35 ||    72
Evoke: Wand              |       |       |     8 |    16 ||    24
  Use: Scroll            |     2 |     7 |    11 |     9 ||    29
       Potion            |     1 |     3 |     9 |     5 ||    18
 Stab: Sleeping          |       |     1 |     2 |       ||     3
       Distracted        |       |       |     1 |     3 ||     4
Armor: Skin              |    11 |    20 |    62 |    92 ||   185
Dodge: Dodged            |    26 |    32 |    97 |   206 ||   361
Block: Kite shield       |       |     9 |   105 |       ||   114
